A- EAST
DELMARVA SHOREBIRDS @ MYRTLE BEACH PELICANS
07/16/2041
 
TOP OF THE 1ST
Delmarva Shorebirds batting - Pitching for Myrtle Beach Pelicans : RHP Jorge Rodríguez
Pitching: RHP Jorge Rodríguez
Batting: RHB Pat Pallister 0-0: Called Strike
0-1: Ball
1-1: Foul Ball, location: 2F
1-2: Ball
2-2: Foul Ball, location: 2F
2-2: SINGLE (Groundball, 4MD, EV 96.3 MPH)
Batting: RHB Pepe Pueblo 0-0: Sac Bunt to 2R - play at first, batter OUT! 2-3
Pat Pallister to second
Batting: LHB Brett Leseberg 0-0: Ball
1-0: Ball
2-0: Ball
3-0: Called Strike
3-1: Base on Balls
Batting: LHB Tim Rogers 0-0: TRIPLE (Groundball, 3L, EV 97.5 MPH)
Pat Pallister scores
Brett Leseberg scores
Batting: RHB Walt Baker 0-0: SINGLE (Groundball, 6MD, EV 95.6 MPH)
Tim Rogers scores
Pitching: RHP Chris Cook
Batting: RHB Juan Solís 0-0: Ball
1-0: Ball
2-0: Called Strike
2-1: Called Strike
2-2: Ball
3-2: Foul Ball, location: 7LSF
3-2: Foul Ball, location: 5F
3-2: Base on Balls
Walt Baker to second
Batting: RHB Juan Santiago 0-0: Called Strike
0-1: Foul Ball, location: 9LDF
0-2: Ball
1-2: Ball
2-2: Fly out, F9 (Flyball, 89M, EV 95.0 MPH)
Batting: RHB Jorge Ramos 0-0: Ball
1-0: Swinging Strike
1-1: Ball
2-1: Ball
3-1: Base on Balls
Walt Baker to third
Juan Solís to second
Batting: RHB Carol Vroom 0-0: Swinging Strike
0-1: Ball
1-1: Called Strike
1-2: Ball
2-2: Strikes out looking
Top of the 1st over - 3 runs, 3 hits, 0 errors, 3 left on base; Delmarva 3 - Myrtle Beach 0
BOTTOM OF THE 1ST
Myrtle Beach Pelicans batting - Pitching for Delmarva Shorebirds : RHP Tim Barnes
Pitching: RHP Tim Barnes
Batting: RHB Dave Scott 0-0: Swinging Strike
0-1: Bunt for hit to P - play at first, batter OUT! 1-3
Batting: RHB Kevin Palmer 0-0: Ball
1-0: Ball
2-0: Ball
3-0: Base on Balls
Batting: RHB Gjergi Pojani 0-0: Ball
Kevin Palmer steals 2nd base
1-0: Swinging Strike
1-1: Fly out, F9 (Flyball, 9LS, EV 83.1 MPH)
Batting: RHB Joe Bowles 0-0: Ball
1-0: Swinging Strike
1-1: Ground out 5-3 (Groundball, 56S, EV 80.0 MPH)
Bottom of the 1st over - 0 runs, 0 hits, 0 errors, 1 left on base; Delmarva 3 - Myrtle Beach 0
TOP OF THE 2ND
Delmarva Shorebirds batting - Pitching for Myrtle Beach Pelicans : RHP Chris Cook
Batting: RHB Pat Pallister 0-0: Ball
1-0: Swinging Strike
1-1: Called Strike
1-2: Foul Ball, location: 5F
1-2: Ball
2-2: Ground out 4-3 (Groundball, 4, EV 88.8 MPH)
Batting: RHB Pepe Pueblo 0-0: Ground out 3-1 (Groundball, 34S, EV 69.4 MPH)
Batting: LHB Brett Leseberg 0-0: DOUBLE (Line Drive, 9LD, EV 95.6 MPH)
Batting: LHB Tim Rogers 0-0: Ball
1-0: Called Strike
1-1: Ball
2-1: Ball
3-1: Foul Ball, location: 5DF
3-2: Foul Ball, location: 2LF
3-2: Foul Ball, location: 23F
3-2: Base on Balls
Batting: RHB Walt Baker 0-0: Called Strike
0-1: Swinging Strike
0-2: Ball
1-2: Ball
2-2: Strikes out swinging
Top of the 2nd over - 0 runs, 1 hit, 0 errors, 2 left on base; Delmarva 3 - Myrtle Beach 0
BOTTOM OF THE 2ND
Myrtle Beach Pelicans batting - Pitching for Delmarva Shorebirds : RHP Tim Barnes
Batting: RHB José Yepe 0-0: Foul Ball, location: 2F
0-1: Swinging Strike
0-2: Ground out U3 (Groundball, 23, EV 92.5 MPH)
Batting: RHB Bruno Bailey 0-0: Ball
1-0: Ball
2-0: Swinging Strike
2-1: Ball
3-1: Base on Balls
Batting: RHB Alex Boyce 0-0: Ball
1-0: Called Strike
1-1: Called Strike
1-2: Foul Ball, location: 9LSF
1-2: Ball
2-2: Foul Ball, location: 9LSF
2-2: Strikes out swinging
Batting: LHB Manny Rangel 0-0: Called Strike
0-1: Ball
1-1: Called Strike
1-2: Ball
2-2: Foul Ball, location: 3F
2-2: Strikes out swinging
Bottom of the 2nd over - 0 runs, 0 hits, 0 errors, 1 left on base; Delmarva 3 - Myrtle Beach 0
TOP OF THE 3RD
Delmarva Shorebirds batting - Pitching for Myrtle Beach Pelicans : RHP Chris Cook
Batting: RHB Juan Solís 0-0: SINGLE (Groundball, 56S, EV 84.4 MPH)
Batting: RHB Juan Santiago 0-0: Called Strike
0-1: Swinging Strike
0-2: Strikes out swinging
Batting: RHB Jorge Ramos 0-0: Called Strike
0-1: Ball
1-1: Ball
Juan Solís steals 2nd base (no throw)
2-1: Ball
3-1: Fly out, F3 (Popup, 23F, EV 90.0 MPH)
Batting: RHB Carol Vroom 0-0: Ball
1-0: Ball
2-0: Foul Ball, location: 7LSFF
2-1: SINGLE (Line Drive, 9S, EV 88.8 MPH)
Juan Solís to third
Runner from 3rd tries for Home, SAFE, throw by RF to home
Carol Vroom to second
Batting: RHB Pat Pallister 0-0: Called Strike
0-1: Called Strike
0-2: Strikes out swinging
Top of the 3rd over - 1 run, 2 hits, 0 errors, 1 left on base; Delmarva 4 - Myrtle Beach 0
BOTTOM OF THE 3RD
Myrtle Beach Pelicans batting - Pitching for Delmarva Shorebirds : RHP Tim Barnes
Batting: SHB Fabião Altamirano 0-0: Ground out 5-3 (Groundball, 56S, EV 71.9 MPH)
Batting: RHB Dave Scott 0-0: Called Strike
0-1: Ball
1-1: Ball
2-1: Foul Ball, location: 3F
2-2: Ball
3-2: Foul Ball, location: 25FF
3-2: Base on Balls
Batting: RHB Kevin Palmer 0-0: Ball
1-0: Foul Ball, location: 9LDF
1-1: Foul Ball, location: 7LMF
1-2: Fielders Choice at 2nd, 3-6 (Groundball, 34S, EV 78.8 MPH)
Batting: RHB Gjergi Pojani 0-0: Called Strike
0-1: Called Strike
0-2: Ball
1-2: Foul Ball, location: 7LSF
1-2: Strikes out swinging
Bottom of the 3rd over - 0 runs, 0 hits, 0 errors, 1 left on base; Delmarva 4 - Myrtle Beach 0
TOP OF THE 4TH
Delmarva Shorebirds batting - Pitching for Myrtle Beach Pelicans : RHP Chris Cook
Batting: RHB Pepe Pueblo 0-0: Ball
1-0: Ball
2-0: Foul Ball, location: 7LMF
2-1: Ground out 1-3 (Groundball, 15S, EV 67.5 MPH)
Batting: LHB Brett Leseberg 0-0: Ball
1-0: Swinging Strike
1-1: Ball
2-1: Ball
3-1: SINGLE (Line Drive, 4D, EV 111.3 MPH)
Batting: LHB Tim Rogers 0-0: Ball
1-0: Foul Ball, location: 2F
1-1: Ball
2-1: Foul Ball, location: 2F
2-2: Fielders Choice at 2nd, 4-6 (Groundball, 4, EV 81.3 MPH)
Batting: RHB Walt Baker 0-0: Called Strike
0-1: SINGLE (Groundball, 6MD, EV 97.5 MPH)
Tim Rogers to second
Runner from 2nd tries for 3rd, OUT! 8-5
Top of the 4th over - 0 runs, 2 hits, 0 errors, 1 left on base; Delmarva 4 - Myrtle Beach 0
BOTTOM OF THE 4TH
Myrtle Beach Pelicans batting - Pitching for Delmarva Shorebirds : RHP Tim Barnes
Batting: RHB Joe Bowles 0-0: Ball
1-0: Ball
2-0: Called Strike
2-1: Foul Ball, location: 23F
2-2: Ball
3-2: Foul Ball, location: 23F
3-2: Fly out, F8 (Flyball, 8RM, EV 86.9 MPH)
Batting: RHB José Yepe 0-0: Foul Ball, location: 9LDF
0-1: Foul Ball, location: 9LSF
0-2: Strikes out looking
Batting: RHB Bruno Bailey 0-0: Foul Ball, location: 25FF
0-1: Ball
1-1: Ground out 6-3 (Groundball, 56, EV 101.3 MPH)
Bottom of the 4th over - 0 runs, 0 hits, 0 errors, 0 left on base; Delmarva 4 - Myrtle Beach 0
TOP OF THE 5TH
Delmarva Shorebirds batting - Pitching for Myrtle Beach Pelicans : RHP Chris Cook
Batting: RHB Juan Solís 0-0: Ball
1-0: Ball
2-0: Ball
3-0: Base on Balls
Pitching: LHP Bob Taylor
Batting: RHB Juan Santiago 0-0: Swinging Strike
0-1: Fly out, F7 (Flyball, 7D, EV 103.8 MPH)
Batting: RHB Jorge Ramos 0-0: Called Strike
0-1: Foul Ball, location: 5FF
0-2: Strikes out looking
Batting: RHB Carol Vroom 0-0: Ball
1-0: Swinging Strike
1-1: Foul Ball, location: 2F
1-2: 2-RUN HOME RUN (Flyball, 78XD, EV 99.4 MPH), Distance : 407 ft
Batting: RHB Pat Pallister 0-0: Ball
1-0: Ball
2-0: Called Strike
2-1: Foul Ball, location: 25F
2-2: Hit by Pitch
Batting: RHB Pepe Pueblo 0-0: Ball
1-0: DOUBLE (Groundball, 5L, EV 103.1 MPH)
Pat Pallister to third
Runner from 3rd tries for Home, SAFE, throw by LF to trailing runner, OUT at third! 7-3-5
Top of the 5th over - 3 runs, 2 hits, 0 errors, 0 left on base; Delmarva 7 - Myrtle Beach 0
BOTTOM OF THE 5TH
Myrtle Beach Pelicans batting - Pitching for Delmarva Shorebirds : RHP Tim Barnes
Batting: RHB Alex Boyce 0-0: Ball
1-0: Ball
2-0: Called Strike
2-1: Foul Ball, location: 2F
2-2: Ball
3-2: Strikes out swinging
Batting: LHB Manny Rangel 0-0: Ball
1-0: Foul Ball, location: 2F
1-1: DOUBLE (Flyball, 8RXD, EV 105.6 MPH)
Batting: SHB Fabião Altamirano 0-0: Ball
1-0: Ball
2-0: Fly out, F9 (Flyball, 89D, EV 103.1 MPH)
Batting: RHB Dave Scott 0-0: Foul Ball, location: 9LMF
0-1: Swinging Strike
0-2: Ball
1-2: Ball
2-2: Ball
3-2: Strikes out swinging
Bottom of the 5th over - 0 runs, 1 hit, 0 errors, 1 left on base; Delmarva 7 - Myrtle Beach 0
TOP OF THE 6TH
Delmarva Shorebirds batting - Pitching for Myrtle Beach Pelicans : LHP Bob Taylor
Batting: LHB Brett Leseberg 0-0: Ball
1-0: Ball
2-0: Foul Ball, location: 2F
2-1: Ball
3-1: Base on Balls
Batting: LHB Tim Rogers 0-0: Called Strike
0-1: Ball
1-1: Ball
2-1: Ball
3-1: SINGLE (Groundball, 6MD, EV 101.9 MPH)
Brett Leseberg to second
Batting: RHB Walt Baker 0-0: Grounds into double play, 6-4-3 (Groundball, 6, EV 97.5 MPH)
Brett Leseberg to third
Pitching: RHP Juan Páez
Batting: RHB Juan Solís 0-0: Called Strike
0-1: Ball
1-1: Called Strike
1-2: Foul Ball, location: 25F
1-2: Strikes out swinging
Top of the 6th over - 0 runs, 1 hit, 0 errors, 1 left on base; Delmarva 7 - Myrtle Beach 0
BOTTOM OF THE 6TH
Myrtle Beach Pelicans batting - Pitching for Delmarva Shorebirds : RHP Tim Barnes
Batting: RHB Kevin Palmer 0-0: Ball
1-0: Swinging Strike
1-1: Ball
2-1: Ball
3-1: Foul Ball, location: 2F
3-2: Base on Balls
Pitching: RHP Mike Arnold
Batting: RHB Gjergi Pojani 0-0: Called Strike
0-1: Foul Ball, location: 7LSF
0-2: Foul Ball, location: 2F
0-2: Ball
1-2: Fly out, F6 (Flyball, 56D, EV 95.0 MPH)
Batting: RHB Joe Bowles 0-0: Swinging Strike
0-1: Foul Ball, location: 25FF
0-2: Ground out 5-3 (Groundball, 5S, EV 68.1 MPH)
Kevin Palmer to second
Batting: RHB José Yepe 0-0: SINGLE (Groundball, 34D, EV 107.5 MPH)
Kevin Palmer to third
Runner from 3rd tries for Home, SAFE, throw by RF to home
Batting: RHB Bruno Bailey 0-0: Swinging Strike
0-1: Ball
1-1: Foul Ball, location: 25FF
1-2: Ball
2-2: Foul Ball, location: 5SF
2-2: Fielders Choice at 2nd, U4 (Groundball, 4M, EV 91.9 MPH)
Bottom of the 6th over - 1 run, 1 hit, 0 errors, 1 left on base; Delmarva 7 - Myrtle Beach 1
TOP OF THE 7TH
Delmarva Shorebirds batting - Pitching for Myrtle Beach Pelicans : RHP Juan Páez
Batting: RHB Juan Santiago 0-0: Swinging Strike
0-1: Ball
1-1: Fly out, F3 (Popup, 3SF, EV 78.8 MPH)
Batting: RHB Jorge Ramos 0-0: Called Strike
0-1: Fly out, F9 (Flyball, 9LM, EV 100.6 MPH)
Batting: RHB Carol Vroom 0-0: Ground out 6-3 (Groundball, 6, EV 110.0 MPH)
Top of the 7th over - 0 runs, 0 hits, 0 errors, 0 left on base; Delmarva 7 - Myrtle Beach 1
BOTTOM OF THE 7TH
Myrtle Beach Pelicans batting - Pitching for Delmarva Shorebirds : RHP Mike Arnold
Pinch Hitting: RHB Blahoslav Ledvak 0-0: Called Strike
0-1: TRIPLE (Flyball, 9LD, EV 100.0 MPH)
Batting: LHB Manny Rangel 0-0: Swinging Strike
0-1: Ball
1-1: Foul Ball, location: 5DF
1-2: Strikes out looking
Batting: SHB Fabião Altamirano 0-0: Called Strike
0-1: Ball
1-1: Foul Ball, location: 2F
1-2: Foul Ball, location: 7LDF
1-2: Strikes out swinging
Batting: RHB Dave Scott 0-0: Ball
1-0: Swinging Strike
1-1: Ball
2-1: Ground out 4-3 (Groundball, 4MS, EV 72.5 MPH)
Bottom of the 7th over - 0 runs, 1 hit, 0 errors, 1 left on base; Delmarva 7 - Myrtle Beach 1
TOP OF THE 8TH
Delmarva Shorebirds batting - Pitching for Myrtle Beach Pelicans : RHP Juan Páez
Now at 1B: Blahoslav Ledvak
Now at SS: Joe Bowles
Batting: RHB Pat Pallister 0-0: Called Strike
0-1: Swinging Strike
0-2: Strikes out swinging
Batting: RHB Pepe Pueblo 0-0: Called Strike
0-1: Ball
1-1: Foul Ball, location: 25F
1-2: Foul Ball, location: 2F
1-2: Ball
2-2: Fly out, F3 (Popup, 23F, EV 82.5 MPH)
Batting: LHB Brett Leseberg 0-0: Ball
1-0: Foul Ball, location: 2F
1-1: Called Strike
1-2: Ball
2-2: Fly out, F4 (Popup, 13, EV 83.1 MPH)
Top of the 8th over - 0 runs, 0 hits, 0 errors, 0 left on base; Delmarva 7 - Myrtle Beach 1
BOTTOM OF THE 8TH
Myrtle Beach Pelicans batting - Pitching for Delmarva Shorebirds : RHP Mike Arnold
Batting: RHB Kevin Palmer 0-0: Ball
1-0: Called Strike
1-1: Called Strike
1-2: Foul Ball, location: 25F
1-2: Strikes out swinging
Batting: RHB Gjergi Pojani 0-0: Called Strike
0-1: Foul Ball, location: 25F
0-2: Strikes out looking
Batting: RHB Joe Bowles 0-0: Ball
1-0: Called Strike
1-1: Ball
2-1: DOUBLE (Flyball, 8RD, EV 100.6 MPH)
Batting: RHB José Yepe 0-0: Ground out 6-3 (Groundball, 56, EV 79.4 MPH)
Bottom of the 8th over - 0 runs, 1 hit, 0 errors, 1 left on base; Delmarva 7 - Myrtle Beach 1
TOP OF THE 9TH
Delmarva Shorebirds batting - Pitching for Myrtle Beach Pelicans : RHP Juan Páez
Batting: LHB Tim Rogers 0-0: Ball
1-0: Swinging Strike
1-1: Ball
2-1: DOUBLE (Line Drive, 9LD, EV 107.5 MPH)
Batting: RHB Walt Baker 0-0: Swinging Strike
0-1: Ball
1-1: Ball
2-1: Foul Ball, location: 25F
2-2: Ball
3-2: Strikes out looking
Batting: RHB Juan Solís 0-0: Called Strike
0-1: Foul Ball, location: 2F
0-2: Ball
1-2: Fly out, F7 (Flyball, 7, EV 90.6 MPH)
Batting: RHB Juan Santiago 0-0: Ball
1-0: Ball
2-0: Foul Ball, location: 3SF
2-1: Ball
3-1: Fly out, F7 (Flyball, 7LS, EV 85.6 MPH)
Top of the 9th over - 0 runs, 1 hit, 0 errors, 1 left on base; Delmarva 7 - Myrtle Beach 1
BOTTOM OF THE 9TH
Myrtle Beach Pelicans batting - Pitching for Delmarva Shorebirds : RHP Mike Arnold
Batting: RHB Bruno Bailey 0-0: Called Strike
0-1: Ball
1-1: Swinging Strike
1-2: Strikes out looking
Batting: RHB Blahoslav Ledvak 0-0: Called Strike
0-1: Ball
1-1: Called Strike
1-2: Foul Ball, location: 3F
1-2: Ball
2-2: Strikes out looking
Pinch Hitting: RHB Ed Kirby 0-0: Called Strike
0-1: Ball
1-1: Ball
2-1: Foul Ball, location: 3F
2-2: Ball
3-2: Foul Ball, location: 5DF
3-2: Foul Ball, location: 23FF
3-2: Foul Ball, location: 7LSF
3-2: SINGLE (Line Drive, 9LM, EV 85.6 MPH)
Batting: RHB Luis Trevino 0-0: Ball
1-0: Fielders Choice at 2nd, 6-4 (Groundball, 6, EV 105.0 MPH)
Bottom of the 9th over - 0 runs, 1 hit, 0 errors, 1 left on base; Delmarva 7 - Myrtle Beach 1
Monday, April 1st , 2024 - OOTP Baseball 24.10 Build 82